 Dungeon Crawl Stone Soup version 0.24-a0-535-gbb0d440638 (webtiles) character file.

Game seed: 8273916985817041051

94 DrakeDragon the Magician (level 4, -2/25 HPs)
             Began as a Deep Elf Wizard on Aug 10, 2019.
             Killed by divine providence
             ... invoked by an orc priest
              (10 damage)
             ... on level 3 of the Dungeon.
             The game lasted 00:13:54 (3791 turns).

DrakeDragon the Magician (Deep Elf Wizard)          Turns: 3791, Time: 00:13:54

Health: -2/25      AC:  2    Str:  5    XL:     4   Next: 38%
Magic:  2/12       EV: 13    Int: 23    God:
Gold:   215        SH:  0    Dex: 13    Spells: 1/12 levels left

rFire    . . .     SeeInvis .   l - +2 dagger (venom)
rCold    . . .     Gourm    .   (no shield)
rNeg     . . .     Faith    .   a - +0 robe
rPois    .         Spirit   .   b - +0 hat
rElec    .         Reflect  .   (no cloak)
rCorr    .         Harm     .   (no gloves)
MR       .....                  (no boots)
Stlth    ++........             (no amulet)
HPRegen  0.08/turn              (no ring)
MPRegen  0.13/turn              (no ring)

@: very slightly contaminated
A: no striking features
a: no special abilities


You were on level 3 of the Dungeon.
You were not hungry.

You visited 1 branch of the dungeon, and saw 3 of its levels.

You collected 215 gold pieces.

Inventory:

Hand Weapons
 l - a +2 dagger of venom (weapon)
   (You took it off a goblin on level 3 of the Dungeon)
Missiles
 i - 3 boomerangs (quivered)
 j - 7 silver javelins
Armour
 a - a +0 robe (worn)
 b - a +0 hat (worn)
Wands
 c - a wand of disintegration (8)
   (You found it on level 3 of the Dungeon)
Scrolls
 k - a scroll of teleportation {@r4}
Potions
 d - a potion of haste {@q3}
 g - a potion of curing {@q1}
 h - 3 potions of flight
Comestibles
 e - 4 rations {!d}
 f - 4 chunks of flesh


   Skills:
 + Level 1.0 Fighting
 + Level 3.0 Dodging
 - Level 2.4 Stealth
 + Level 4.9 Spellcasting
 * Level 2.8 Conjurations
 + Level 2.2 Summonings
 - Level 1.1 Translocations
 + Level 0.1 Air Magic
 + Level 0.4 Poison Magic


You had one spell level left.
You knew the following spells:

 Your Spells              Type           Power        Failure   Level  Hunger
a - Magic Dart            Conj           ###.         3%          1    None
b - Blink                 Tloc           N/A          9%          2    None
d - Conjure Flame         Conj/Fire      ##......     16%         3    ##.....
f - Mephitic Cloud        Conj/Pois/Air  ##......     19%         3    ##.....
x - Call Imp              Summ           ###.....     6%          2    None

Your spell library contained the following spells:

 Spells                   Type           Power        Failure   Level  Hunger
 Slow                     Hex            #.......     14%         2    None


Dungeon Overview and Level Annotations

Branches:
Dungeon (3/15)

Altars:

Annotations:
D:1 exclusion: downstairs
D:2 exclusion: door


Message History

Wield which item (- for none, * to show all)? (? for menu, Esc to quit)
Your +2 dagger of venom begins to drip with poison!
l - a +2 dagger of venom (weapon)
You butcher the goblin corpse.
f - 4 chunks of flesh (gained 2)
You see here a goblin skeleton. x2
There is an open door here.
The orc priest is too close now for your liking.
A beastly little devil appears in a puff of flame.
The orc priest shouts!
The orc priest calls down the wrath of Beogh upon you.
Beogh smites you!
Your crimson imp blinks!
There is a stone staircase leading down here.
You miscast Call Imp.
You are very lightly contaminated with residual magic.
Distant voices call out to you!
A beastly little devil appears in a puff of frigid air.
A beastly little devil appears in a puff of flame.
A beastly little devil appears in a puff of flame.
The orc priest barely misses your crimson imp.
Your crimson imp says, "Uh-oh!
Wait.
OK."
You can't see any susceptible monsters within range! (Use Z to cast anyway.)
Your white imp disappears in a puff of smoke!
The orc priest barely misses your crimson imp.
Your crimson imp blinks!
A beastly little devil appears in a puff of flame.
The orc priest misses your crimson imp.
Your crimson imp blinks!
You swap places.
The orc priest hits you.
* * * LOW HITPOINT WARNING * * *
The orc hits your crimson imp but does no damage.
There is a stone staircase leading down here.
You barely miss the orc priest.
Your crimson imp disappears in a puff of smoke!
The orc priest calls down the wrath of Beogh upon you.
Pain shoots through your body!
* * * LOW HITPOINT WARNING * * *
Your crimson imp hits the orc but does no damage.
The orc closely misses your crimson imp.
You hit the orc priest but do no damage.
The orc priest is poisoned.
The orc priest closely misses you.
Your crimson imp misses the orc.
Your crimson imp hits the orc priest but does no damage.
Your crimson imp hits the orc priest but does no damage.
Your crimson imp blinks!
Your crimson imp blinks!
The orc priest invokes the aid of Beogh against you.
Beogh smites you!
You die...

#.# #####.# #.o...# #.###o#
#.#<..# ######o#########
#o5....#.......#
###o######.#####.# ...........#
#@# .o.........# #.# .o.........#
#o# ........รท..#
#5################
.##..##....#####>.....5..........
..o...#....o.o.o.................
.............5...################
>................#
......#..........# ###


You could see an orc priest, an orc and a friendly crimson imp.

Vanquished Creatures
  2 adders
  A leopard gecko (D:1)
  An orc (D:2)
  9 bats
  5 giant cockroaches
  6 goblins
  4 hobgoblins
  2 jackals (D:2)
  4 frilled lizards
  4 kobolds
38 creatures vanquished.

Vanquished Creatures (collateral kills)
  2 adders (D:2)
  2 oozes (D:3)
  An adder skeleton (D:3)
  6 worms
  An orc (D:3)
  2 giant cockroaches (D:3)
  A kobold (D:3)
15 creatures vanquished.

Grand Total: 53 creatures vanquished

Notes
Turn   | Place    | Note
-------+----------+-------------------------------------------
     0 | D:1      | DrakeDragon the Deep Elf Wizard began the quest for the
                  | Orb.
     0 | D:1      | Reached XP level 1. HP: 10/10 MP: 7/7
   261 | D:1      | Reached XP level 2. HP: 16/16 MP: 4/9
   334 | D:1      | Learned a level 2 spell: Call Imp
  1484 | D:2      | Reached XP level 3. HP: 20/20 MP: 4/11
  1961 | D:2      | Noticed an ice beast
  2198 | D:3      | Learned a level 3 spell: Conjure Flame
  2202 | D:3      | Learned a level 3 spell: Mephitic Cloud
  2205 | D:3      | Learned a level 2 spell: Blink
  3217 | D:3      | Reached XP level 4. HP: 24/24 MP: 9/12
  3456 | D:3      | Reached skill level 1 in Fighting
  3791 | D:3      | Killed from afar by an orc priest

Levels and vault maps discovered:
D:1:      lightli_molten_gateway, layout_loops_ring,
          hangedman_abyss_or_decor_lesser_grid
D:2:      layout_loops_corners, first_ration, kennysheep_donut,
          wad_floor_pattern_untrapped
D:3:      layout_basic, st_stairs_5

Skill      XL: |  1  2  3  4 |
---------------+-------------+-----
Conjurations   | 2 |  2.8
Dodging        | 3 |  3.0
Summonings     | 2 |  2.2
Fighting       | 1 |  1.0
Stealth        | |  2.4
Spellcasting   | |  4.9
Translocations | |  1.1
Air Magic      | |  0.1
Poison Magic   | |  0.4

Action                   |  1- 3 |  4- 6 || total
-------------------------+-------+-------++-------
Melee: Dagger            |       |     2 ||     2
 Cast: Magic Dart        |    78 |    18 ||    96
       Call Imp          |    29 |    14 ||    43
  Use: Scroll            |     5 |     1 ||     6
  Eat: Chunk             |     5 |       ||     5
       Ration            |     1 |       ||     1
Armor: Robe              |     1 |       ||     1
Dodge: Dodged            |     8 |     3 ||    11

Table legend:
 A = Non-vault XP
 B = Vault XP
 C = Vault XP percentage of total XP
 D = Non-vault monster count
 E = Vault monster count
 F = Vault count percentage of total count
                 A         B        C        D         E       F
            +---------+---------+-------+---------+---------+-------
      Total |     130 |       5 |   3.7 |      51 |       2 |   3.8
            +---------+---------+-------+---------+---------+-------
        D:1 |      27 |       0 |   0.0 |      16 |       0 |   0.0
        D:2 |      46 |       0 |   0.0 |      16 |       0 |   0.0
        D:3 |      57 |       5 |   8.1 |      19 |       2 |   9.5
            +---------+---------+-------+---------+---------+-------
